 Dungeon Crawl Stone Soup version 0.24.0-1-gfbc8707 (webtiles) character file.

Game seed: 6796486352566410251, levelgen mode: deterministic

8978 Illumine the Nimble (level 11, 0/56 HPs)
             Began as a Spriggan Conjurer on Nov 6, 2019.
             Was a Believer of Vehumet.
             Slain by a killer bee (3 damage)
             ... on level 8 of the Dungeon.
             The game lasted 00:42:12 (14014 turns).

Illumine the Nimble (Spriggan Conjurer)            Turns: 14014, Time: 00:42:13

Health: 0/56       AC:  4    Str:  4    XL:     11   Next: 17%
Magic:  22/25      EV: 26    Int: 20    God:    Vehumet [**....]
Gold:   145        SH:  7    Dex: 17    Spells: 18/29 levels left

rFire    + . .     SeeInvis +   p - +2 dagger (vamp)
rCold    . . .     Gourm    .   g - +0 buckler
rNeg     . . .     Faith    .   z - +2 robe {rF+}
rPois    +         Spirit   .   (helmet restricted)
rElec    .         Reflect  .   D - scarf {repulsion}
rCorr    .         Harm     .   (gloves unavailable)
MR       +....                  (boots unavailable)
Stlth    ++++......             (no amulet)
HPRegen  0.18/turn              h - ring of stealth
MPRegen  0.19/turn              y - ring of poison resistance

@: repel missiles, very quick
A: very small, unfitting armour, see invisible, herbivore, speed 3, slow
metabolism 2
a: Renounce Religion


You were on level 8 of the Dungeon.
You worshipped Vehumet.
Vehumet was pleased with you.
You were not hungry.

You visited 2 branches of the dungeon, and saw 11 of its levels.
You also visited: Bailey.

You collected 413 gold pieces.
You spent 268 gold pieces at shops.

Inventory:

Hand Weapons
 k - a +3 dagger of speed
 n - a +0 dagger of venom
 p - a +2 vampiric dagger (weapon)
 L - a +1 scimitar of flaming
Missiles
 B - 2 throwing nets (quivered)
Armour
 f - a +0 cloak
 g - a +0 buckler (worn)
 z - a +2 robe of fire resistance (worn)
 D - a scarf of repulsion (worn)
Jewellery
 h - a ring of stealth (left hand)
 l - an uncursed ring of fire
 r - a +1 ring of evasion
 y - a ring of poison resistance (right hand)
 J - an uncursed ring of ice
Wands
 m - a wand of acid (7)
 w - a wand of random effects (52)
 A - a wand of disintegration (4)
Scrolls
 q - 3 scrolls of teleportation
 s - a scroll of enchant weapon {unknown}
 u - a scroll of amnesia {unknown}
 x - a scroll of immolation {unknown}
 C - a scroll of fear {unknown}
 E - 2 scrolls of remove curse
 H - a scroll of enchant armour
Potions
 a - a potion of cancellation
 b - a potion of might
 d - a potion of ambrosia
 e - 7 potions of curing
 i - a potion of lignification
 j - a potion of degeneration {unknown}
 o - a potion of berserk rage {unknown}
 t - 3 potions of agility
 v - 3 potions of flight
 F - a potion of brilliance {unknown}
 G - a potion of mutation {unknown}
 I - a potion of haste {unknown}
 K - a potion of heal wounds
Comestibles
 c - 6 rations


   Skills:
 + Level 6.0 Fighting
 - Level 6.1 Short Blades
 + Level 10.8 Dodging
 + Level 3.4 Stealth
 - Level 4.1 Shields
 + Level 9.7 Spellcasting
 + Level 6.7 Conjurations
 + Level 3.4 Hexes


You had 18 spell levels left.
You knew the following spells:

 Your Spells              Type           Power        Failure   Level  Hunger
a - Magic Dart            Conj           ####         1%          1    None
b - Searing Ray           Conj           #####.       1%          2    None
c - Dazzling Spray        Conj/Hex       ####..       3%          3    None
d - Iskenderun's Mystic   Conj           #####...     5%          4    ##.....
e - Sting                 Conj/Pois      ###.         2%          1    None

Your spell library contained the following spells:

 Spells                   Type           Power        Failure   Level  Hunger
 Freeze                   Ice            #...         9%          1    None
 Beastly Appendage        Tmut           #.....       9%          1    None
 Fulminant Prism          Conj/Hex       ####......   11%         4    ##.....
 Sticks to Snakes         Tmut           #.......     13%         2    None
 Force Lance              Conj/Tloc      ###.....     22%         4    ##.....
 Spider Form              Tmut/Pois      #.........   26%         3    None
 Ice Form                 Ice/Tmut       #.......     65%         4    ##.....
 Blade Hands              Tmut           #.........   94%         5    #####..


Dungeon Overview and Level Annotations

Branches:
Dungeon (10/15)            Temple (1/1) D:7            Lair (0/6) D:9
 Bailey (visited)
    Orc: D:9-12

Altars:
Ashenzari
Cheibriados
Fedhas
Gozag
Hepliaklqana
Kikubaaqudgha
Makhleb
Nemelex Xobeh
Okawaru
Qazlal
Ru
Sif Muna
Trog
Uskayaw
Vehumet
Wu Jian
Xom
Yredelemnul
Zin
The Shining One

Shops:
D:6 [


Innate Abilities, Weirdness & Mutations

You are very small and have problems with some larger weapons.
You are too small for most types of armour.
You have supernaturally acute eyesight. (SInv)
You are a herbivore.
You cover ground extremely quickly.
You need to consume almost no food.


Message History

The killer bee stings you. The killer bee misses you.
You block the killer bee's attack. The killer bee completely misses you.
The killer bee barely misses you. You block the killer bee's attack.
The killer bee closely misses you. The killer bee completely misses you.
The killer bee closely misses you.
You feel sick. You block the killer bee's attack.
The killer bee rages.
The killer bee misses you. The killer bee stings you!
You block the killer bee's attack. You block the killer bee's attack.
The killer bee stings you but does no damage.
The killer bee misses you. The killer bee completely misses you.
The killer bee stings you!
* * * LOW HITPOINT WARNING * * *
The killer bee stings you!
* * * LOW HITPOINT WARNING * * *
You feel sick.
You are no longer poisoned.
The killer bee stings you.
You die...

..........................##
#............#y............#
#.#.............T..........#
#######......#...t.###.....#
###.#>...##.#.....# ####.##
#.[[.[...[.##.....# ###
##.###....####.....#
....#........#..yy.#
.............#..@..##
......##............#
......###..........##
....####............# .##.#
#......#.....# ..###
####..###....# ..#
#.....##.### .## ##...#####
.# #####


You could see a queen bee, a troll, a crocodile and 2 killer bees.

Vanquished Creatures
  Harold (D:8)
  Erica (D:8)
  A two-headed ogre (D:10)
  An orc knight (Bailey)
  Pikel (D:7)
  Joseph (D:7)
  A hornet (D:8)
  4 hippogriffs
  A yak (D:8)
  2 hungry ghosts (D:10)
  Duvessa (D:5)
  A water moccasin (D:9)
  2 porcupines (D:8)
  8 orc warriors
  2 ice beasts (D:6)
  A sky beast (D:5)
  2 black bears (D:8)
  2 necrophages
  A phantom (D:4)
  2 ogres
  A crocodile (D:8)
  2 centaurs
  3 bullfrogs (D:7)
  Dowan (D:4)
  4 scorpions
  12 killer bees
  2 crimson imps
  2 hounds (D:8)
  A jelly (D:7)
  11 orc wizards
  3 orc priests
  3 bullfrog skeletons
  A centaur skeleton (D:5)
  2 iguanas
  A gnoll shaman (D:5)
  4 worker ants
  Ijyb (D:3)
  A killer bee zombie (D:7)
  An ogre zombie (D:10)
  A hound zombie (D:4)
  6 adders
  11 gnolls
  An ooze (D:7)
  An adder zombie (D:5)
  A dart slug (D:3)
  6 leopard geckos
  31 orcs
  4 bats
  8 giant cockroaches
  11 goblins
  6 hobgoblins
  4 jackals (D:5)
  A kobold (D:3)
  4 quokkas
  A ball python (D:5)
  4 frilled lizards
  A goblin zombie (D:10)
  A hobgoblin zombie (D:10)
  2 orc skeletons (D:10)
  3 orc zombies (D:10)
  A quokka zombie (D:6)
  7 rats
208 creatures vanquished.

Notes
Turn   | Place    | Note
-------+----------+-------------------------------------------
     0 | D:1      | Illumine the Spriggan Conjurer began the quest for the Orb.
     0 | D:1      | Reached XP level 1. HP: 9/9 MP: 5/5
   233 | D:1      | Reached XP level 2. HP: 13/13 MP: 5/7
   237 | D:1      | Learned a level 2 spell: Searing Ray
   384 | D:2      | Found a hazy altar of Hepliaklqana.
   384 | D:2      | Found an ancient bone altar of Kikubaaqudgha.
   384 | D:2      | Found a sparkling altar of Nemelex Xobeh.
   384 | D:2      | Found a snail-covered altar of Cheibriados.
   794 | D:2      | Reached XP level 3. HP: 16/16 MP: 6/9
   866 | D:2      | Learned a level 3 spell: Dazzling Spray
  1157 | D:4      | Noticed an ogre
  1348 | D:2      | Reached XP level 4. HP: 21/21 MP: 6/11
  1514 | D:2      | Learned a level 4 spell: Iskenderun's Mystic Blast
  2035 | D:3      | Reached skill level 1 in Shields
  2133 | D:2      | You fall into a shaft and drop 1 floor!
  2324 | D:3      | Reached XP level 5. HP: 25/25 MP: 8/12
  2373 | D:3      | Noticed Ijyb
  2389 | D:3      | Killed Ijyb
  2664 | D:4      | Killed an ogre
  2664 | D:4      | Reached skill level 1 in Fighting
  2664 | D:4      | Reached skill level 4 in Dodging
  2736 | D:4      | Reached XP level 6. HP: 30/30 MP: 7/14
  3114 | D:4      | Reached skill level 5 in Spellcasting
  3320 | D:5      | Entered Level 5 of the Dungeon
  3376 | D:5      | Noticed Duvessa
  3376 | D:5      | Noticed Dowan
  3400 | D:5      | Killed Duvessa
  3509 | D:3      | Reached skill level 5 in Dodging
  3509 | D:3      | Reached XP level 7. HP: 10/34 MP: 7/15
  3739 | D:4      | Killed Dowan
  4851 | D:5      | Noticed a fire elemental
  4852 | D:5      | Found a stormy altar of Qazlal.
  4855 | D:5      | Noticed a water elemental
  4855 | D:5      | Noticed an air elemental
  5601 | D:6      | Reached skill level 1 in Short Blades
  5601 | D:6      | Reached skill level 6 in Dodging
  5601 | D:6      | Reached XP level 8. HP: 39/39 MP: 9/18
  7256 | D:6      | Reached skill level 7 in Dodging
  7377 | D:6      | Found Faleseukle's Antique Armour Shoppe.
  7386 | D:6      | Bought a glowing cloak for 180 gold pieces
  7407 | D:6      | Bought a glowing robe for 88 gold pieces
  7498 | D:7      | Reached skill level 5 in Conjurations
  7725 | D:7      | Found a staircase to the Ecumenical Temple.
  8155 | D:6      | Reached XP level 9. HP: 36/45 MP: 3/20
  8296 | D:7      | Found an iron altar of Okawaru.
  8486 | Temple   | Entered the Ecumenical Temple
  8801 | Temple   | Became a worshipper of Vehumet
  8903 | D:7      | Noticed Joseph
  8929 | D:7      | Killed Joseph
  8929 | D:7      | Reached skill level 8 in Dodging
  9239 | D:7      | Noticed Pikel
  9273 | D:7      | Killed Pikel
  9382 | D:7      | Found a shimmering altar of Xom.
 10269 | D:9      | Found a flagged portal.
 10282 | D:9      | Reached skill level 5 in Short Blades
 10282 | D:9      | Reached XP level 10. HP: 26/51 MP: 15/23
 10348 | Bailey   | Entered a bailey
 10348 | Bailey   | Noticed an orc knight
 10358 | Bailey   | Noticed an orc knight
 10374 | Bailey   | Reached skill level 9 in Dodging
 10783 | Bailey   | Reached * piety under Vehumet
 10783 | Bailey   | Offered knowledge of Sting by Vehumet.
 10786 | Bailey   | Learned a level 1 spell: Sting
 10870 | Bailey   | Killed an orc knight
 10870 | Bailey   | Reached skill level 5 in Fighting
 10959 | Bailey   | Noticed an orc knight
 11003 | D:10     | Entered Level 10 of the Dungeon
 11633 | D:10     | Noticed a two-headed ogre
 11686 | D:10     | Killed a two-headed ogre
 11851 | D:9      | Reached skill level 10 in Dodging
 12143 | D:8      | HP: 2/51 [hippogriff (3)]
 12150 | D:8      | Offered knowledge of Freeze by Vehumet.
 12150 | D:8      | Reached skill level 1 in Hexes
 12211 | D:8      | Reached ** piety under Vehumet
 12395 | D:8      | Noticed Harold
 12426 | D:8      | Killed Harold
 12842 | D:8      | Found a glowing silver altar of Zin.
 12842 | D:8      | Found a burning altar of Makhleb.
 12843 | D:8      | Noticed a green death
 12843 | D:8      | Noticed an angel
 12907 | D:8      | Noticed Erica
 12938 | D:8      | Killed Erica
 12938 | D:8      | Reached XP level 11. HP: 56/56 MP: 12/25
 13065 | D:9      | Found a staircase to the Lair.
 13065 | D:9      | Noticed a two-headed ogre
 14014 | D:8      | Slain by a killer bee

Levels and vault maps discovered:
D:1:      lightli_arrival_lavapool, layout_rooms
D:2:      layout_rooms, chequers_temple_overflow_statue_of_worship,
          serial_corexii_hall, corexii_hall_statues_deadend,
          corexii_hall_statues_deadend
D:3:      layout_loops_cross, st_stairs_12, uniq_ijyb
D:4:      layout_cave_pods, enter_ossuary_2
D:5:      layout_rooms, first_ration, nicolae_qazlal_style_of_elements,
          uniq_duvessa
D:6:      layout_basic, serial_shops, shop
D:7:      layout_rooms, xom_teletrap_fun, okawaru_metal_pillars_1_2,
          minmay_temple_entry_crystal_x, uniq_joseph, uniq_pikel
D:8:      layout_cave_pools, grunt_temple_overflow_order_and_chaos_2,
          uniq_erica, uniq_harold
D:9:      layout_cave_pools, minmay_lair_entry_grove, enter_bailey_3,
          david_nohive_1, minmay_misc_feat_encased
D:10:     layout_roguey, zombieorc1_lemuel
Temple:   dpeg_chambers_temple

Skill      XL: |  1  2  3  4  5  6  7  8  9 10 11 |
---------------+----------------------------------+-----
Conjurations   | 3 4 5 6 |  6.7
Spellcasting   | 3 4 5 6 7 8 9 |  9.7
Shields        | 1 2 3 4 |  4.1
Fighting       | 1 2 3 4 5 6 |  6.0
Dodging        | 4 5 6 7 8 10 | 10.8
Short Blades   | 1 3 5 6 |  6.1
Hexes          | 2 3 |  3.4
Stealth        | |  3.4

Action                   |  1- 3 |  4- 6 |  7- 9 | 10-12 || total
-------------------------+-------+-------+-------+-------++-------
Melee: Dagger            |       |       |    43 |    76 ||   119
Throw: Dart              |       |     5 |    11 |     8 ||    24
 Cast: Magic Dart        |    73 |    75 |   190 |    74 ||   412
       Searing Ray       |     2 |    14 |    67 |    21 ||   104
       Dazzling Spray    |     1 |     6 |    40 |    56 ||   103
       Sting             |       |       |       |    50 ||    50
       Iskenderun's Myst |       |       |       |     3 ||     3
Evoke: Wand              |       |       |     1 |    22 ||    23
  Use: Scroll            |     4 |       |    10 |     1 ||    15
       Potion            |       |       |       |     2 ||     2
 Stab: Invisible         |       |       |     3 |     8 ||    11
       Sleeping          |       |       |     1 |       ||     1
  Eat: Ration            |       |       |     4 |     2 ||     6
Armor: Robe              |     4 |     4 |    10 |    10 ||    28
Dodge: Dodged            |    15 |    23 |   158 |   265 ||   461
       Deflected         |       |       |     3 |     6 ||     9
Block: Buckler           |       |       |    13 |    95 ||   108
